[Event "Germany Countries-chT Youth 2022"]
[Site "Wiesbaden"]
[Date "2022.10.03"]
[Round "6"]
[White "Neuhoff, Laertes"]
[Black "Voigt, Anastasia"]
[Result "1-0"]
[ECO "C54"]
[WhiteElo "1909"]
[BlackElo "1804"]
[Annotator "TA"]
[PlyCount "105"]
[EventDate "2022.09.28"]
[EventType "team-tourn"]
[EventRounds "7"]
[EventCountry "GER"]
[SourceTitle "playchess.com"]
[Source "ChessBase"]
[SourceQuality "1"]
[TimeControl "40/5400+30:1800+30"]

1. e4 e5 2. Nf3 Nc6 3. Bc4 Bc5 4. c3 Nf6 5. d4 exd4 6. e5 d5 7. Bb5 Ne4 8. cxd4 Bb6 9. Nc3 O-O 10. Be3 {[%emt 0:00:26] C54: Giuoco Piano: 4 c3 Nf6, main lines with 5 d4 and 5 d3.} Bg4 11. h3 Bh5 12. Qc2 {[%emt 0:00:24] The position is equal.} Bg6 {[%emt 0:00:35] ...Nxc3 is the strong threat. 12...Nxc3 gains popularity.} 13. Qb3 Ne7 14. O-O c6 15. Bd3 Nd2 16. Nxd2 Bxd3 17. Rfe1 Bg6 18. Na4 Nf5 19. Nxb6 axb6 {[%emt 0:00:07] [#]} 20. Rac1 $146 ({Predecessor:} 20. Nf3 b5 21. Bd2 Re8 22. g4 Nh4 23. Nh2 Ra4 24. Qe3 Rc4 25. b3 Rc2 26. Rec1 {½-½ (39) Quesada Perez,Y (2568)-Shirov,A (2704) Chennai 2022}) 20... f6 21. f4 Kh8 (21... fxe5 $15 22. fxe5 b5) 22. Bf2 $14 fxe5 23. fxe5 (23. dxe5 $5 c5 24. g4 $16) 23... Qe7 (23... Bh5 {is more complex.} 24. a3 Qg5 25. Qd3 Kg8) 24. a3 (24. Qxb6 {keeps more tension.} Nh4 25. Qc5 Qg5 26. Bxh4 Qxd2 27. Qc3) 24... Ra6 25. Nf3 Bf7 (25... Qe6 $16) 26. Qd3 $2 ({Only move:} 26. g4 $18 Nh6 27. Bh4) 26... Be8 (26... Bg6 $14) 27. Rf1 {[%emt 0:06:22] White is more active.} Bg6 28. Qb3 Nh6 29. Be1 Rc8 30. Bb4 Qd7 (30... c5 $16 {might work better.}) 31. Ng5 $18 {[%emt 0:03:44] Hoping for e6.} Bf5 {[%emt 0:02:35] Against e6} (31... Raa8 32. e6 Qc7) 32. e6 Bxe6 33. Rce1 Bg8 34. Re7 {[%emt 0:00:47][%mdl 64] Skewer} Qd8 35. Qe3 {[%emt 0:02:58][%cal Oe7g7] White wants to mate with Rxg7!} Rc7 36. Re8 Qd7 37. Rff8 c5 {[%emt 0:04:14] [#]} 38. Nf7+ $1 Qxf7 39. Rxf7 Rxf7 40. Bd2 {[%emt 0:00:49] aiming for Qe5.} Rf6 41. Qe7 {[%emt 0:03:54] Threatening mate with Bxh6.} b5 42. Bxh6 gxh6 43. Qd8 Rg6 44. Qxd5 cxd4 45. Qxd4+ Rgf6 46. Qd8 Rg6 47. Rf8 {[%emt 0:00:42] Qd4+ would kill now.} Rac6 (47... Rae6 $18 48. Qd7 Re1+ 49. Kf2 Ree6) 48. Qd4+ Rg7 49. Rb8 (49. Qe5 $142 Re6 50. Qxe6 h5 51. Rb8 h6 52. Qxh6+ Rh7 53. Qf6+ Rg7 54. Rxb7 Bf7 55. Rxf7 Kh7 56. Qxg7#) 49... Rcg6 50. g4 (50. Qe5 $142 Rxg2+ 51. Kf1 Rg1+ 52. Kf2 R1g2+ 53. Kf3 R2g3+ 54. Ke4 R3g4+ 55. hxg4 b4 {[#]} 56. Rxg8+ $1 Kxg8 57. Qe8#) 50... h5 51. Qe5 {[%emt 0:04:22][%cal Ob8g8] Intending Rxg8+! and mate.} hxg4 {[%emt 0:00:54] [#]} 52. Rxg8+ $1 {[%emt 0:00:21][%mdl 576] Back Rank} Kxg8 53. Qe8# {Weighted Error Value: White=0.51/Black=0.86} 1-0

[Event "Germany Countries-chT Youth 2022"]
[Site "Wiesbaden"]
[Date "2022.10.03"]
[Round "6"]
[White "Feidt, Jonas"]
[Black "Hänselmann, Hendrik"]
[Result "0-1"]
[ECO "A05"]
[WhiteElo "1908"]
[BlackElo "1989"]
[Annotator "TA"]
[PlyCount "140"]
[EventDate "2022.09.28"]
[EventType "team-tourn"]
[EventRounds "7"]
[EventCountry "GER"]
[SourceTitle "playchess.com"]
[Source "ChessBase"]
[SourceQuality "1"]
[TimeControl "40/5400+30:1800+30"]

1. Nf3 Nf6 2. c4 g6 3. g3 Bg7 4. Bg2 O-O 5. O-O d6 6. Nc3 e5 7. d3 Nc6 8. Rb1 a5 9. a3 Re8 10. b4 axb4 11. axb4 e4 12. Nxe4 {[%emt 0:23:35] A26: English Opening vs King's Indian with ...Nc6 and d3.} Nxe4 13. dxe4 Rxe4 14. Nd2 {[%emt 0:01:50] White has an edge.} Re8 15. Bb2 (15. b5 $5 Ne5 16. Bb2 $15) 15... Bg4 16. Re1 {[%emt 0:01:33] [#]} (16. Bf3 $5 Bxb2 17. Bxg4 $15) 16... Qe7 $146 (16... Bxb2 $15 17. Rxb2 Qf6) ({Predecessor:} 16... Bxb2 17. Rxb2 Qf6 18. Qc1 Rxe2 19. Rxe2 Bxe2 20. b5 Nd4 21. Bxb7 Ra7 22. Be4 Bg4 {0-1 (48) Schaller,S-Troyke,C (2340) Dresden 1992}) 17. Bxg7 Kxg7 18. Nf3 (18. b5 $1 $14 Nd8 19. Nf1) 18... Ra2 19. b5 Ne5 20. Qb3 Rea8 21. Nxe5 Qxe5 22. Bxb7 R8a3 $36 {[%emt 0:02:13][%mdl 2048] Black is on the roll.} 23. Qd1 (23. Qb4 $17) 23... Rxe2 $2 (23... Bxe2 $19 24. Qc1 Rc3) 24. Rxe2 Bxe2 25. Qd2 (25. Qe1 $17) 25... Ra1 $19 ({Don't blunder} 25... Bxc4 $2 26. f4 Qf6 27. Qb2) 26. Qc1 Rxb1 27. Qxb1 Bxc4 {[%emt 0:00:10][%mdl 4096] Endgame KQB-KQB} 28. Bc6 d5 29. Qc1 Qe2 (29... Bd3 $19 {is more deadly. And now ...d4 would win.} 30. Qd1 Bc4) 30. Qa1+ $17 f6 31. h4 Kf7 (31... Qe5 $17 32. Qa7 Kh6) 32. Qa7 Ke6 (32... Qe5 $17 33. Kg2 Kg8 34. Qb8+ Kg7) 33. Qd4 $2 (33. Qxc7 $11 Qf1+ 34. Kh2 Qxf2+ 35. Kh1 Qf1+ 36. Kh2 Qf2+ 37. Kh1 Qf1+ 38. Kh2 Qf2+) 33... Qe5 $2 (33... Qe1+ $1 $19 {and Black stays clearly on top.} 34. Kh2 Qe4) 34. Qc5 Be2 (34... Qd6 $17 35. Qa7 f5) 35. Qf8 $11 Bf3 {[%emt 0:03:11] ( -> ...Qe1+)} 36. Kh2 $1 Qe2 37. Qc8+ Kd6 38. Qf8+ Qe7 (38... Ke5 $5 39. Qe7+ $8 Kd4 40. Qb4+ Kd3 41. Qb3+ Kd4 42. Qb4+ Ke5 43. Qe7+ Kd4 44. Qb4+ $11) 39. Qh6 Qe4 (39... Qe2 $5 40. Qf8+ $8 Ke5 41. Qe7+ Kd4 42. Qb4+ Qc4 43. Qd2+ Qd3 44. Qb4+ Qc4 45. Qd2+ Qd3 46. Qb4+ Qc4 $11) 40. Qf8+ Qe7 {[%emt 0:02:43] Active counter play!} 41. Qh6 {[%emt 0:03:22] Strongly threatening Qf4+.} Be2 42. Qd2 Bc4 43. Qb4+ (43. Qc3 $11) 43... Ke6 $15 44. Qd2 ({Better is} 44. Qa5 $1 $15) 44... Qc5 $19 45. Qe1+ Kd6 46. Qd2 Bxb5 (46... g5 $19 47. hxg5 fxg5) 47. Bxb5 $17 Qxb5 $19 {[%emt 0:00:01] KQ-KQ} 48. Qf4+ (48. Qc3 $17 {is a better defense.}) 48... Kc6 $1 49. Qxf6+ Kb7 50. Qd4 Qc6 51. Kg1 Qd6 52. Qb2+ Kc6 ({Black should try} 52... Qb6 $19 53. Qg7 h5) 53. Qc3+ $17 Qc5 54. Qf6+ (54. Qh8 $17) 54... Kb5 $19 55. Qb2+ {[%emt 0:00:27] [#]} Qb4 $1 56. Qe5 Qb1+ 57. Kh2 {[%emt 0:00:15] [#]} Qe4 (57... Qa2 $1 $19 58. Kg2 Qc4 59. Qb2+ Qb4) 58. Qxc7 $11 d4 {[%emt 0:00:15] aiming for ...d3.} 59. Qxh7 Qc2 60. Qd7+ Kc4 61. Qc6+ Kb3 62. Qb6+ Kc3 63. Qf6 Qe4 64. f3 Qe3 {[%emt 0:00:44] Hoping for ...Kd2.} 65. Kg2 ({But not} 65. Qxg6 $2 d3 66. Qc6+ Kb2 67. Qb5+ Kc1 $19) 65... Kd2 {[%emt 0:01:39] Threatens to win with ...Ke1.} 66. Qf4 $2 (66. Qxg6 $11 d3 67. Qf6) 66... Ke2 {[%emt 0:04:47] Black is clearly winning.} 67. Qxe3+ dxe3 68. f4 Kd2 69. Kf3 e2 70. Kg4 e1=Q {[%emt 0:00:09] Weighted Error Value: White=0.29 (precise) /Black=0.30} 0-1

[Event "Germany Countries-chT Youth 2022"]
[Site "Wiesbaden"]
[Date "2022.10.03"]
[Round "6"]
[White "Herrmann, Jakob"]
[Black "Fischer, Darja"]
[Result "1-0"]
[ECO "B19"]
[WhiteElo "1888"]
[BlackElo "1738"]
[Annotator "NA RC COMBH"]
[PlyCount "85"]
[EventDate "2022.09.28"]
[EventType "team-tourn"]
[EventRounds "7"]
[EventCountry "GER"]
[SourceTitle "playchess.com"]
[Source "ChessBase"]
[SourceQuality "1"]
[TimeControl "40/5400+30:1800+30"]

1. e4 c6 2. Nc3 d5 3. d4 dxe4 4. Nxe4 Bf5 5. Ng3 Bg6 6. h4 h6 7. Nf3 Nd7 8. h5 Bh7 9. Bd3 Bxd3 10. Qxd3 Qc7 11. Bd2 Ngf6 12. O-O-O O-O-O 13. Ne4 e6 14. g3 Nxe4 15. Qxe4 Nf6 16. Qe2 Rd5 17. Ne5 Rxd4 18. Bf4 Rxd1+ 19. Rxd1 Nd5 20. Rxd5 cxd5 21. Ng6 Bd6 22. Nxh8 Bxf4+ 23. gxf4 Qe7 24. f5 Qg5+ 25. Qe3 Qxf5 26. Qc3+ Kd7 27. Qxg7 Qf4+ 28. Kb1 Ke8 29. Nxf7 Qxf7 30. Qxh6 Qxf2 31. Qxe6+ Kf8 32. Qc8+ Kg7 33. Qxb7+ Kh6 34. Qc6+ Kg7 35. Qg6+ Kf8 36. a3 Qf1+ 37. Ka2 Qc4+ 38. b3 Qd4 39. h6 Qc3 40. h7 Ke7 41. Qg5+ Kd7 42. Qxd5+ Ke7 43. Qe4+ 1-0

[Event "Germany Countries-chT Youth 2022"]
[Site "Wiesbaden"]
[Date "2022.10.03"]
[Round "6"]
[White "Haubold, Christian Lucas"]
[Black "Kempe, Caius Emilian"]
[Result "1-0"]
[ECO "C07"]
[WhiteElo "1885"]
[BlackElo "2030"]
[Annotator "TA"]
[PlyCount "65"]
[EventDate "2022.09.28"]
[EventType "team-tourn"]
[EventRounds "7"]
[EventCountry "GER"]
[SourceTitle "playchess.com"]
[Source "ChessBase"]
[SourceQuality "1"]
[TimeControl "40/5400+30:1800+30"]

1. e4 e6 2. d4 d5 3. Nd2 c5 4. exd5 Qxd5 5. Ngf3 cxd4 6. Bc4 Qd7 {[%emt 0:00:14] C07: French Tarrasch: 3...c5, 4 Ngf3 and 4 exd5 Qxd5.} 7. O-O {[%emt 0:00:54][%mdl 1024] White has compensation.} Nc6 8. Qe2 a6 {[%emt 0:03:25] The position is equal.} 9. a4 Qc7 10. Nb3 Bd6 11. Rd1 Nge7 12. h3 O-O 13. Nbxd4 {[%emt 0:02:40] [#]} Kh8 $146 ({Predecessor:} 13... Nxd4 14. Nxd4 e5 15. Nf3 Bf5 16. Be3 Ng6 17. Bd5 Rae8 18. c4 Bc5 19. Rac1 Bxe3 20. fxe3 {1-0 (60) Dibusz,D (2076)-Baski,B (1740) Zalakaros 2018}) 14. b3 Na5 15. Ng5 Nxc4 16. Qh5 ({White should play} 16. bxc4 $11 h6 17. Ngf3) 16... h6 $1 $15 {[%emt 0:02:24][%cal Oh8g8] ...Kg8! is the strong threat.} 17. Nxf7+ {[%emt 0:14:30] [#]} (17. bxc4 $15 Kg8 18. Ne4) 17... Rxf7 $1 $17 18. Qxf7 Ne5 19. Qf8+ Ng8 $2 (19... Kh7 $1 $17 {Threatens to win with ...Nd5.} 20. c4 (20. Nxe6 Bxe6 21. Qxa8 N7g6 $19) 20... Nd5 21. Nxe6 Bxe6 22. Qxa8 Nb6 23. Rxd6 Nxa8 24. Rxe6 Qd7 $1 25. Rxe5 Qd1+ 26. Kh2 Qd4) 20. Nxe6 $1 $16 {[%emt 0:00:56][%mdl 64] Pin. Dancing on a razor blade. White has more active pieces. The black rooks are badly placed.} Bxf8 {[%emt 0:05:42] Loses the game.} (20... Bxe6 $16 21. Qxd6 (21. Qxa8 Bc5 $11) 21... Qxc2) 21. Nxc7 $18 Rb8 {[%emt 0:00:03] [#]} 22. Bf4 $1 Ng6 {[%emt 0:00:31] [#]} 23. Nxa6 $1 Ra8 24. Nc7 Ra5 25. Be3 Nf6 (25... Bf5 $142 26. Ra2 Nf6) 26. Rd8 Bd7 27. Bd4 {[%emt 0:03:28] Strongly threatening Bxf6.} Bc6 28. Ne6 Kg8 29. Nxf8 Nxf8 30. Bxf6 gxf6 31. c4 Kf7 32. b4 Ke7 $2 (32... Ne6) 33. Rxf8 {[%emt 0:00:25] Weighted Error Value: White=0.16 (very precise) /Black=0.46} ({Not} 33. bxa5 Kxd8 34. Rd1+ Ke7 $16) 1-0

[Event "Germany Countries-chT Youth 2022"]
[Site "Wiesbaden"]
[Date "2022.10.03"]
[Round "6"]
[White "Braeutigam, Katerina"]
[Black "Möller, Maurin"]
[Result "0-1"]
[ECO "B23"]
[WhiteElo "1873"]
[BlackElo "1936"]
[Annotator "TA"]
[PlyCount "80"]
[EventDate "2022.09.28"]
[EventType "team-tourn"]
[EventRounds "7"]
[EventCountry "GER"]
[SourceTitle "playchess.com"]
[Source "ChessBase"]
[SourceQuality "1"]
[TimeControl "40/5400+30:1800+30"]

1. e4 c5 2. Nc3 e6 3. g3 Nc6 4. Bg2 Nf6 5. d3 a6 6. f4 {[%emt 0:02:24] B24: Closed Sicilian: 3 g3 sidelines.} d5 7. e5 Nd7 8. a4 {[%emt 0:01:43] The position is equal.} Rb8 9. Nf3 b5 10. axb5 axb5 11. Qe2 Be7 12. O-O Qb6 (12... O-O $11) 13. Kh1 {[%emt 0:04:19] [#]} (13. f5 $1 $14) 13... O-O $146 ({Predecessor:} 13... h5 14. h4 g6 15. Bd2 Ba6 16. Bh3 Qb7 17. Kh2 Nb6 18. f5 exf5 19. d4 c4 {0-1 (39) Listiak,J-Lakatos,V (2117) Slovakia 2004}) 14. f5 d4 (14... Bb7 $11 {keeps the balance.}) 15. fxe6 (15. f6 $1 $16 {[%cal Of3g5] Black must now prevent Ng5!} dxc3 16. fxe7 Nxe7 17. bxc3) 15... fxe6 16. Nd1 (16. Ne4 $11) 16... Bb7 17. Bf4 h6 (17... Nb4 $15) 18. Nf2 $11 g5 (18... Nb4 $11) 19. Bd2 $14 {[%emt 0:03:34] And now h4 would win.} Qc7 20. Rae1 (20. Ng4 $5 Kg7 21. h4 $11 (21. Qe4 $2 Ncxe5 22. Ra7 Nxf3 $19)) 20... Rf5 $1 21. g4 ({Reject} 21. Ng4 Kg7 $11) ({White should play} 21. h4 $14) 21... Rf7 $36 {[%emt 0:00:17][%mdl 2048] Black has good play.} 22. Kg1 Rbf8 23. Nh1 $1 Bd8 24. h4 ({White should try} 24. Ng3 $15) 24... gxh4 $17 {[%emt 0:08:42][%cal Oh4h3] Strongly threatening ...h3!} 25. Bxh6 (25. g5 $17 {is a better defense.}) 25... h3 $1 $19 26. Bxh3 {[%emt 0:00:37] [#]} (26. Bxf8 {was the only chance.} hxg2 27. Qxg2 Nxf8 28. Ng3) 26... Rxf3 $1 {[%emt 0:00:12][%mdl 576] Remove Defender. Really sharp!} 27. Rxf3 Rxf3 28. Qxf3 {[%emt 0:00:19] Threatens to win with g5.} Ncxe5 {[%emt 0:00:07][%mdl 64] Discovered Attack} 29. Qe2 {[%emt 0:02:37] aiming for Bg2.} Nf3+ {[%emt 0:00:26] Pair of Knights!} 30. Kf1 {[%emt 0:01:40] [#]} Nxe1 $2 (30... Nh2+ $1 $19 31. Kg1 {[#]} Ne5 $1 ) 31. Qxe1 Nf8 32. Bg2 Qh2 33. Bxb7 Qxh6 34. Nf2 Bh4 35. Bc6 b4 36. Bf3 Qf4 37. Qd1 (37. Qe2 $15) 37... Ng6 $17 {[%emt 0:00:47] Black has more active pieces.} 38. Nh3 $2 (38. Ne4 $17) 38... Qg3 $19 {[%emt 0:00:41] ( -> ...Nf4)} 39. Bg2 (39. Qe2 $19 Qxh3+ 40. Qg2 Qxg2+ 41. Bxg2) 39... Nf4 40. Qa1 Qxg2# {Weighted Error Value: White=0.64/Black=0.24 (precise)} 0-1

[Event "Germany Countries-chT Youth 2022"]
[Site "Wiesbaden"]
[Date "2022.10.03"]
[Round "6"]
[White "Bock, Marlon"]
[Black "Popist, Florian"]
[Result "1/2-1/2"]
[ECO "D04"]
[WhiteElo "1862"]
[BlackElo "2187"]
[Annotator "TA"]
[PlyCount "87"]
[EventDate "2022.09.28"]
[EventType "team-tourn"]
[EventRounds "7"]
[EventCountry "GER"]
[SourceTitle "playchess.com"]
[Source "ChessBase"]
[SourceQuality "1"]
[TimeControl "40/5400+30:1800+30"]

1. d4 d5 2. Nf3 Nf6 3. e3 c5 4. b3 cxd4 5. exd4 Nc6 6. Bb2 {[%emt 0:04:35] D04: Colle System.} Bf5 7. a3 e6 8. Be2 {[%emt 0:01:34] [#]} Nd7 $146 ({Predecessor:} 8... Bd6 9. O-O h6 10. Nbd2 O-O 11. Re1 Rc8 12. Nf1 Bh7 13. Bd3 Ne4 14. c4 Kh8 {0-1 (37) Hajdarevic,S (2102)-Mesic,I (2280) Bihac 2022}) 9. Nbd2 Qc7 (9... g5 $142) 10. Rc1 Be7 11. c4 Bf6 12. O-O O-O 13. Re1 dxc4 14. Nxc4 Rad8 15. b4 Qb8 16. Qb3 Nb6 17. Nxb6 (17. Nce5 $14 {feels stronger.}) 17... axb6 $11 18. Red1 Be4 19. Qe3 Bd5 20. Ne5 Qd6 21. Rd2 Bxg2 {[%emt 0:16:07] Strongly threatening ...Bxe5.} 22. Ng4 Be7 23. Kxg2 $18 f5 24. Rcd1 fxg4 25. d5 $1 exd5 26. Rxd5 {[%emt 0:01:10] The board is on fire.} Qg6 27. Rxd8 Bxd8 28. Rd7 Bf6 {[%emt 0:00:32] [#]} 29. Bc4+ $1 {[%emt 0:00:48][%cal Be2c4,Bc4f7,Bf7d5][%mdl 32] This bishop pair is nice.} Kh8 {[%emt 0:00:15] [#]} 30. Rf7 (30. Bd3 $1 $18 {[%cal Rd3g6] is the precise move to win.} Qh6 31. Qxh6 gxh6 32. Bxf6+ Rxf6 33. Rxh7+ Kg8 34. Rxb7) 30... Qxf7 (30... Rd8 $16 31. Bxf6 gxf6) 31. Bxf7 Bxb2 32. b5 Ne5 33. Bd5 Rd8 34. Bxb7 Bd4 35. Qe2 (35. Qe4 $18 {has better winning chances.}) 35... Rf8 $16 36. a4 ({Only move:} 36. Qd1 $16 Bxf2 37. Be4) 36... Rxf2+ $15 37. Qxf2 Bxf2 38. Kxf2 {[%emt 0:00:13][%mdl 4096] Endgame KB-KN} Nd3+ ({Black should play} 38... Kg8 $17 39. Ke3 Kf7) 39. Kg3 {[%emt 0:01:36] The position is equal.} Nc5 40. a5 bxa5 41. Bd5 g6 {[%emt 0:09:42] Threatens to win with ...h5.} 42. Kxg4 Kg7 {[%emt 0:00:40] White should prevent ...a4.} 43. b6 a4 {[%emt 0:03:52] next ...a3 is good for Black.} 44. b7 {[%emt 0:02:54] Black defended with fortune.  Weighted Error Value: White=0.25 (precise) /Black=0.24 (precise)} 1/2-1/2

[Event "Germany Countries-chT Youth 2022"]
[Site "Wiesbaden"]
[Date "2022.10.03"]
[Round "6"]
[White "Kieselbach, Jannik"]
[Black "Mader, Fabian"]
[Result "1-0"]
[ECO "B33"]
[WhiteElo "1848"]
[BlackElo "1735"]
[Annotator "NA RC COMBH"]
[PlyCount "105"]
[EventDate "2022.09.28"]
[EventType "team-tourn"]
[EventRounds "7"]
[EventCountry "GER"]
[SourceTitle "playchess.com"]
[Source "ChessBase"]
[SourceQuality "1"]
[TimeControl "40/5400+30:1800+30"]

1. e4 c5 2. Nf3 Nc6 3. d4 cxd4 4. Nxd4 Nf6 5. Nc3 e5 6. Ndb5 d6 7. Bg5 a6 8. Na3 b5 9. Nd5 Be7 10. Bxf6 Bxf6 11. c3 Bg5 12. Nc2 O-O 13. a4 bxa4 14. Rxa4 a5 15. Bc4 Rb8 16. b4 axb4 17. cxb4 Kh8 18. b5 Ne7 19. Ncb4 Bd7 20. Nxe7 Bxe7 21. Nc6 Bxc6 22. bxc6 Qb6 23. Bd5 f5 24. exf5 Rxf5 25. O-O Rbf8 26. Qc2 Bd8 27. g3 Qc7 28. Be4 Rh5 29. Rb1 Qc8 30. Ra7 Qh3 31. f3 Bg5 32. Re1 Qe6 33. c7 d5 34. Bxd5 Qb6+ 35. Qf2 Qxf2+ 36. Kxf2 Rxh2+ 37. Kg1 Rc2 38. Rxe5 Bf6 39. Re4 Bd8 40. cxd8=Q Rxd8 41. Ra8 Rxa8 42. Bxa8 g6 43. Re7 Rb2 44. Be4 Rb6 45. Rc7 h6 46. Rc6 Rxc6 47. Bxc6 Kg7 48. f4 Kf6 49. Kf2 h5 50. Kf3 g5 51. fxg5+ Kxg5 52. Bd7 Kf6 53. Kg2 1-0

[Event "Germany Countries-chT Youth 2022"]
[Site "Wiesbaden"]
[Date "2022.10.03"]
[Round "6"]
[White "Uhlmann, Tim"]
[Black "Campora, Daniel H."]
[Result "1/2-1/2"]
[ECO "B10"]
[WhiteElo "1841"]
[BlackElo "2330"]
[Annotator "TA"]
[PlyCount "75"]
[EventDate "2022.09.28"]
[EventType "team-tourn"]
[EventRounds "7"]
[EventCountry "GER"]
[SourceTitle "playchess.com"]
[Source "ChessBase"]
[SourceQuality "1"]
[TimeControl "40/5400+30:1800+30"]

1. e4 c6 2. c4 d5 3. exd5 cxd5 4. cxd5 Nf6 5. Nc3 Nxd5 6. Nf3 Nc6 7. Bb5 {[%emt 0:00:06] B10: Caro-Kann: 2 d3 and 2 c4.} e6 8. O-O Bd6 9. Nxd5 {[%emt 0:00:40] The position is equal.} exd5 10. Re1+ Be6 11. d4 O-O {[%emt 0:01:14] [#]} 12. Bd3 $146 ({Predecessor:} 12. Bg5 Qb6 13. Bxc6 bxc6 14. Qc2 Rfe8 15. Rac1 f6 16. Be3 Rac8 17. a3 Bg4 18. Nh4 {0-1 (36) Penman,A-Zaas,P ICCF email 2011}) 12... h6 13. Bb1 {[%emt 0:03:41] Black must now prevent Qd3.} Bg4 (13... Nb4 $2 14. a3 $18) 14. Qd3 g6 $1 (14... f5 15. Ne5 $14) 15. Bxh6 Bxf3 16. Qxf3 Qh4 $1 17. Qh3 {[%emt 0:00:21] [#]} ({Wrong is} 17. Bxf8 $2 Qxh2+ 18. Kf1 Qh1+ 19. Ke2 Re8+ 20. Be4 Qh4 $19) 17... Rfe8 $1 $40 {[%emt 0:04:41][%mdl 128] Black attacks.} 18. Rxe8+ ({White should play} 18. Rd1 $11 Qxh3 19. gxh3) (18. Be3 Qxh3) 18... Rxe8 $15 19. Be3 {[%emt 0:00:13] [#]} (19. Bd2 $15 Qxh3 20. gxh3) 19... Qxh3 $2 ({Black should try} 19... Rxe3 $1 $19 20. Qxe3 Qxh2+ 21. Kf1 Qh1+ 22. Ke2 Kg7) 20. gxh3 $11 f5 21. Bd3 f4 (21... Nb4 $5 22. Bb5 Re4 $11) 22. Bd2 ({Not} 22. Bxg6 $2 Re7 23. Bxf4 (23. Bd2 $2 Rg7 $19) 23... Bxf4 $19) 22... Nxd4 {[%emt 0:00:34] Strongly threatening ...Nf3+.} 23. Bc3 {[%emt 0:01:35] A strong pair of Bishops.} ({Don't blunder} 23. Bxg6 $2 Nf3+ 24. Kh1 Re6 $19) 23... Ne2+ 24. Bxe2 (24. Kg2 $11 {remains equal.}) 24... Rxe2 {[%emt 0:00:05][%mdl 4096] Endgame KRB-KRB} 25. Rd1 Bc5 (25... f3 $1 $17 26. Rxd5 Rc2 $1) 26. Rxd5 Bb6 27. Rd2 Bxf2+ $2 (27... Rxd2 $1 $11 28. Bxd2 f3) 28. Kg2 $18 Rxd2 29. Bxd2 {[%emt 0:00:04] KB-KB} Bd4 {[%emt 0:00:05] [#]} 30. b3 g5 $2 (30... Kf7 $1 $11 {and Black is okay.}) 31. h4 gxh4 32. Bxf4 Bf6 33. Kh3 Kg7 34. Be3 Kg6 $2 (34... a6 {is tougher.} 35. Bf2 Be7 36. Bxh4 Ba3) 35. Bxa7 Kh5 36. b4 $2 (36. a4 $18) 36... b5 $1 $14 37. Bc5 Bd8 38. Bf2 {[%emt 0:08:20] Weighted Error Value: White=0.33/Black=0.46} 1/2-1/2

[Event "Germany Countries-chT Youth 2022"]
[Site "Wiesbaden"]
[Date "2022.10.03"]
[Round "6"]
[White "Semling, Julius"]
[Black "Tovmasyan, Minas"]
[Result "1-0"]
[ECO "B41"]
[WhiteElo "1823"]
[BlackElo "1838"]
[Annotator "NA RC COMBH"]
[PlyCount "51"]
[EventDate "2022.09.28"]
[EventType "team-tourn"]
[EventRounds "7"]
[EventCountry "GER"]
[SourceTitle "playchess.com"]
[Source "ChessBase"]
[SourceQuality "1"]
[TimeControl "40/5400+30:1800+30"]

1. e4 c5 2. Nf3 e6 3. d4 cxd4 4. Nxd4 a6 5. c4 Nf6 6. Nc3 Qc7 7. a3 b6 8. f4 d6 9. Bd3 Bb7 10. Qe2 Be7 11. O-O Nbd7 12. Kh1 Rc8 13. Bd2 h5 14. Rae1 h4 15. Nf3 Kf8 16. Ng5 Nh5 17. f5 exf5 18. Nd5 Bxd5 19. exd5 Bxg5 20. Bxg5 Ne5 21. Bxf5 Ra8 22. b3 b5 23. cxb5 axb5 24. Qxb5 Ra5 25. Qb4 Rc5 26. Rxe5 1-0

[Event "Germany Countries-chT Youth 2022"]
[Site "Wiesbaden"]
[Date "2022.10.03"]
[Round "6"]
[White "Trunz, Michelle"]
[Black "Guo, Philipp Ziming"]
[Result "1-0"]
[ECO "E44"]
[WhiteElo "1821"]
[BlackElo "1851"]
[Annotator "NA RC COMBH"]
[PlyCount "107"]
[EventDate "2022.09.28"]
[EventType "team-tourn"]
[EventRounds "7"]
[EventCountry "GER"]
[SourceTitle "playchess.com"]
[Source "ChessBase"]
[SourceQuality "1"]
[TimeControl "40/5400+30:1800+30"]

1. d4 Nf6 2. c4 e6 3. Nc3 Bb4 4. e3 b6 5. Nge2 c5 6. a3 Ba5 7. Bd2 O-O 8. Rb1 Qe7 9. Ng3 cxd4 10. exd4 Bxc3 11. Bxc3 Nc6 12. Bd3 d5 13. O-O Rd8 14. Re1 Ba6 15. Qa4 dxc4 16. Bxh7+ Nxh7 17. Qxa6 Rac8 18. d5 Nb8 19. Qb5 Rc5 20. Qa4 b5 21. Qc2 Rcxd5 22. Nf5 Qg5 23. Nxg7 Nf6 24. Nxe6 fxe6 25. Rxe6 Nbd7 26. Rbe1 Kf7 27. Re7+ Kf8 28. Qe2 Qg6 29. Qe6 Qg8 30. Bxf6 Qxe6 31. R7xe6 Nxf6 32. Rxf6+ Kg7 33. Ra6 Rd2 34. Rxa7+ Kf6 35. a4 Rxb2 36. axb5 c3 37. Raa1 Rdd2 38. Rf1 Rxb5 39. Rac1 c2 40. g3 Re5 41. Kg2 Kf5 42. h3 Re4 43. Ra1 Red4 44. Ra5+ Kg6 45. Rc5 Re4 46. Rc6+ Kg5 $2 (46... Kf5 $16 {keeps fighting.} 47. h4 (47. Rc1 Ree2 $14) 47... Re3) 47. Ra1 Re5 48. Ra4 Kf5 49. g4+ $2 (49. Rf4+ {mates} Kg5 50. h4+ Kh5 51. Kh3 Rd3 52. f3 Re6 53. Rxe6 Rxf3 54. Rxf3 c1=Q 55. g4#) 49... Kg5 50. Kg3 Re6 51. Rxe6 Rd3+ 52. f3 Rxf3+ 53. Kxf3 c1=Q 54. Ra5+ 1-0

[Event "Germany Countries-chT Youth 2022"]
[Site "Wiesbaden"]
[Date "2022.10.03"]
[Round "6"]
[White "Wunderlich, Elias"]
[Black "Buchinger, Alexis"]
[Result "1-0"]
[ECO "A05"]
[WhiteElo "1815"]
[BlackElo "1786"]
[Annotator "NA RC COMBH"]
[PlyCount "83"]
[EventDate "2022.09.28"]
[EventType "team-tourn"]
[EventRounds "7"]
[EventCountry "GER"]
[SourceTitle "playchess.com"]
[Source "ChessBase"]
[SourceQuality "1"]
[TimeControl "40/5400+30:1800+30"]

1. Nf3 Nf6 2. g3 g6 3. Bg2 Bg7 4. O-O O-O 5. d4 c6 6. c4 d6 7. Qb3 Qc7 8. h3 h5 9. Be3 Bf5 10. Rd1 d5 11. Bf4 Qc8 12. Kh2 dxc4 13. Qxc4 Ne4 14. Ng5 Nxg5 15. Bxg5 e5 16. dxe5 Bxe5 17. Nc3 Na6 18. f4 Be6 19. Qd3 Bc7 20. Ne4 Bd8 21. Bh6 Be7 22. Qc3 f6 23. Bxf8 Qxf8 24. Qe3 Qf7 25. Nd6 Bxd6 26. Rxd6 Nc7 27. Rad1 Bd5 28. Qc3 Rf8 29. Qc5 f5 30. R6xd5 cxd5 31. Rc1 Na6 32. Qxd5 Re8 33. Qb5 Qe7 34. Rc2 Rb8 35. Rd2 Nc5 36. b4 Ne4 37. Rd7 Qe8 38. Qd5+ Kf8 39. Qd4 Qe6 40. Bxe4 fxe4 41. Qh8+ Qg8 42. Qf6+ 1-0